 Dungeon Crawl Stone Soup version 0.30-a0-830-gfe289a77b0 (webtiles) character file.

Game seed: 4692636095851439137

3024 Farfigtubin the Covert (level 10, 0/56 HPs)
             Began as a Kobold Brigand on Feb 26, 2023.
             Was a Follower of Wu Jian.
             Slain by an orc warrior
             ... wielding a +0 war axe of electrocution
              (15 damage)
             ... on level 7 of the Dungeon on Feb 28, 2023.
             The game lasted 01:11:35 (8456 turns).

Farfigtubin the Covert (Kobold Brigand)             Turns: 8456, Time: 01:11:36

Health: 0/56       AC: 15    Str:  9    XL:     10   Next: 10%
Magic:  15/15      EV: 20    Int: 12    God:    Wu Jian [*.....]
Gold:   471        SH:  0    Dex: 23    Spells: 16/16 levels left

rFire   + + .      SeeInvis .    a - +2 dagger (protect)
rCold   . . .      Faith    .    (no shield)
rNeg    . . .      Spirit   .    F - +0 steam dragon scales
rPois   +          Reflect  .    (no helmet)
rElec   .          Harm     .    q - +1 cloak of Wuahaod {Fly rF++ Dex+2 Stlth+}
rCorr   .          Rampage  .    t - +0 pair of gloves
Will    .....                    (no boots)
Stlth   +++++++                  (no amulet)
HPRegen 0.29/turn                (no ring)
MPRegen 0.14/turn                x - ring of poison resistance

@: under a protective aura, flying
A: small, no large weapons, nightstalker 3
a: Renounce Religion


You were on level 7 of the Dungeon.
You worshipped Wu Jian.
Wu Jian was aware of your devotion.
You visited 2 branches of the dungeon, and saw 9 of its levels.

You collected 471 gold pieces.

Inventory:

Hand Weapons
 a - a +2 dagger of protection (weapon)
 H - a +0 dagger of flaming
Missiles
 c - 4 boomerangs
 d - 26 poisoned darts (quivered)
 g - 67 stones
 I - a curare-tipped dart
Armour
 b - a +0 robe
 q - the +1 cloak of Wuahaod (worn) {Fly rF++ Dex+2 Stlth+}
   (You found it on level 4 of the Dungeon)

   Dex:       It affects your dexterity (+2).
   rF:        It greatly protects you from fire.
   Fly:       It grants you flight.
   Stlth:     It makes you more stealthy.
 t - a +0 pair of gloves (worn)
 u - a scarf of resistance
 F - +0 steam dragon scales (worn)
Jewellery
 n - a ring of ice
 x - a ring of poison resistance (right hand)
Wands
 e - a wand of quicksilver (5)
 w - a wand of iceblast (14)
Scrolls
 f - a scroll of identify {@r1}
 h - 4 scrolls of teleportation
 i - a scroll of poison {unknown}
 k - 4 scrolls of blinking
 p - a scroll of magic mapping {unknown}
 r - 4 scrolls of amnesia
 v - a scroll of summoning {unknown}
 y - a scroll of enchant weapon {unknown}
 B - 2 scrolls of fear {unknown}
 D - a scroll of vulnerability {unknown}
Potions
 j - a potion of heal wounds
 l - a potion of resistance {unknown}
 m - a potion of invisibility
 o - a potion of attraction {unknown}
 s - 3 potions of mutation
 z - a potion of berserk rage {unknown}
 A - a potion of lignification {unknown}
 C - 2 potions of curing {unknown}
 E - a potion of brilliance {unknown}
 G - a potion of experience {unknown}


   Skills:
 + Level 3.5 Fighting
 - Level 11.1 Short Blades
 - Level 2.1 Throwing
 - Level 7.4 Dodging
 * Level 11.3 Stealth
 + Level 3.6 Spellcasting


You had 16 spell levels left.
You didn't know any spells.
Your spell library contained the following spells:

 Spells                   Type           Power      Damage    Failure   Level
 Summon Small Mammal      Summ           8%         N/A       24%         1
 Call Canine Familiar     Summ           2%         N/A       56%         3
 Hailstorm                Conj/Ice       2%         3d3       56%         3
 Summon Guardian Golem    Hex/Summ       2%         N/A       56%         3
 Animate Dead             Necr           2%         N/A       93%         4
 Ice Form                 Ice/Tmut       2%         N/A       93%         4
 Simulacrum               Ice/Necr       1%         N/A       100%        6
 Haunt                    Necr/Summ      1%         N/A       100%        7
 Infestation              Necr           1%         N/A       100%        8


Dungeon Overview and Level Annotations

Branches:
Dungeon (8/15)             Temple (1/1) D:7
   Lair: D:8-11

Altars:
Ashenzari
Cheibriados
Dithmenos
Fedhas
Hepliaklqana
Kikubaaqudgha
Nemelex Xobeh
Qazlal
Ru
Sif Muna
Trog
Wu Jian
Xom
Yredelemnul
Zin
The Shining One

Annotations:
D:3 Grinder
D:7 1 transporter


Innate Abilities, Weirdness & Mutations

You are small and have problems with some larger weapons.
You are completely attuned to the shadows.


Message History

The orc warrior is severely wounded.
You hit the orc warrior.
The orc warrior is severely wounded.
The orc warrior shoots a bolt.
The bolt closely misses you.
You lunge at the orc warrior, in a flurry of attacks.
You closely miss the orc warrior.
The orc warrior is severely wounded.
You hit the orc warrior but do no damage.
The orc warrior is severely wounded.
The orc warrior unwields a +0 arbalest.
The orc warrior wields a +0 war axe of electrocution.
You hear the crackle of electricity.
The orc warrior hits you but does no damage.
You hit the orc warrior but do no damage.
The orc warrior is severely wounded.
The orc warrior completely misses you.
You hit the orc warrior.
The orc warrior is severely wounded.
You closely miss the orc warrior.
The orc warrior is severely wounded.
The orc warrior completely misses you.
The orc warrior unwields a +0 war axe of electrocution.
It stops crackling.
The orc warrior wields a +0 arbalest.
The orc warrior shoots a bolt.
The bolt hits you but does no damage.
You lunge at the orc warrior, in a flurry of attacks.
You hit the orc warrior.
The orc warrior is severely wounded.
You closely miss the orc warrior.
The orc warrior is severely wounded.
The orc warrior attacks as you move away!
The orc warrior unwields a +0 arbalest.
The orc warrior wields a +0 war axe of electrocution.
You hear the crackle of electricity.
The orc warrior hits you with a +0 war axe of electrocution.
* * * LOW HITPOINT WARNING * * *
You hit the orc warrior.
The orc warrior is severely wounded.
The orc warrior hits you but does no damage.
You are electrocuted!
You die...

##....##.....#.....
#....sh#.s...#........#
#......'.h>..'........#
##....##.....#........#
#....##.....#.)......#
#....##.....#........#
#....########........#
#....# #............#
.....#....#
#..@o........#
.....#....#
#............#
.....#....#
#.†..........#
.....#†...#
#†...........#
.....#....#
#............#
.....#....#
#............#
.....#....#
#............#
.....#....#
#............#
.....#'####
#............#


You could see an orc warrior.

Vanquished Creatures
  A two-headed ogre (D:7)
  Prince Ribbit (D:7)
  A steam dragon (D:7)
  Duvessa (D:7)
  3 ice beasts
  2 black bears
  A sky beast (D:7)
  An ogre (D:5)
  A centaur (D:7)
  A phantom (D:7)
  2 gnoll sergeants
  2 kobold brigands
  2 scorpions
  2 necrophages (D:7)
  Dowan (D:7)
  2 howler monkeys
  5 hounds
  A jelly (D:4)
  2 orc priests (D:6)
  2 iguanas
  Terence (D:3)
  2 orc wizards
  4 gnolls
  6 adders
  4 white imps
  3 ufetubi
  5 dart slugs
  17 orcs
  7 ball pythons
  10 endoplasms
  A giant cockroach (D:1)
  8 goblins
  7 hobgoblins
  2 jackals (D:4)
  8 quokkas
  7 bats
  2 frilled lizards (D:1)
  18 kobolds
  5 rats
151 creatures vanquished.

Notes
Turn   | Place    | Note
-------+----------+-------------------------------------------
     0 | D:1      | Farfigtubin the Kobold Brigand began the quest for the Orb.
     0 | D:1      | Reached XP level 1. HP: 12/12 MP: 1/1
   223 | D:2      | Reached XP level 2. HP: 17/17 MP: 2/2
   469 | D:3      | Reached XP level 3. HP: 21/21 MP: 3/3
   507 | D:3      | Noticed Grinder
   754 | D:3      | Noticed Terence
   764 | D:3      | Killed Terence
   765 | D:3      | Reached XP level 4. HP: 26/26 MP: 4/4
   810 | D:3      | Found a shimmering altar of Xom.
   966 | D:4      | Noticed a scorpion
   972 | D:4      | Killed a scorpion
   973 | D:4      | Reached skill level 5 in Short Blades
   973 | D:4      | Reached XP level 5. HP: 30/30 MP: 5/5
  1932 | D:4      | Identified the +1 cloak of Wuahaod {Fly rF++ Dex+2 Stlth+}
  1960 | D:4      | Noticed an ice beast
  2014 | D:4      | Killed an ice beast
  2015 | D:4      | Reached XP level 6. HP: 10/35 MP: 6/6
  2382 | D:4      | Found a bloodstained altar of Trog.
  2496 | D:5      | Entered Level 5 of the Dungeon
  2516 | D:5      | Found a stormy altar of Qazlal.
  2579 | D:5      | Found an ancient bone altar of Kikubaaqudgha.
  2920 | D:4      | Found a hazy altar of Hepliaklqana.
  3107 | D:4      | Reached XP level 7. HP: 40/40 MP: 7/7
  3881 | D:5      | Reached skill level 5 in Dodging
  3881 | D:5      | Reached XP level 8. HP: 44/44 MP: 8/8
  4350 | D:5      | Found a shimmering blue altar of Sif Muna.
  5799 | D:6      | Found a snail-covered altar of Cheibriados.
  5971 | D:7      | Reached skill level 10 in Short Blades
  5971 | D:7      | Reached XP level 9. HP: 44/48 MP: 9/9
  6024 | D:7      | Found a transporter.
  6066 | D:7      | Noticed Duvessa
  6069 | D:7      | Noticed Dowan
  6070 | D:7      | Killed Duvessa
  6071 | D:7      | Reached skill level 1 in Spellcasting
  6086 | D:7      | Killed Dowan
  6184 | D:7      | Found a sparkling altar of Nemelex Xobeh.
  6211 | D:7      | Noticed a two-headed ogre
  6215 | D:7      | Killed a two-headed ogre
  6544 | D:7      | Reached skill level 10 in Stealth
  6713 | D:7      | Noticed Prince Ribbit
  6717 | D:7      | Killed Prince Ribbit
  6777 | D:7      | Found a staircase to the Ecumenical Temple.
  6783 | Temple   | Entered the Ecumenical Temple
  6987 | Temple   | Became a worshipper of the Wu Jian Council
  7016 | D:7      | Upgraded the game from 0.30-a0-808-g6e0788376e to
                  | 0.30-a0-830-gfe289a77b0
  7735 | D:2      | Reached * piety under Wu Jian
  7779 | D:2      | Found a faded altar of an unknown god.
  8189 | D:6      | Reached XP level 10. HP: 56/56 MP: 14/14
  8456 | D:7      | Slain by an orc warrior

Illustrated notes

Levels and vault maps discovered:
D:1:      wander_arrival_chamber, layout_basic, minmay_misc_feat_chi
D:2:      layout_loops_ring, ebering_ecumenical_altar_mist
D:3:      layout_basic, nicolae_uskayaw_suspiria, led_xom_imps, serial_glass,
          glass_columns_c, glass_columns_a, glass_columns_c, glass_columns_a,
          uniq_terence, uniq_grinder
D:4:      minmay_chambers_of_twos, layout_gridville, trog_butcher_becter,
          nicolae_overflow_crystal_walls
D:5:      layout_cave_pods, mainiacjoe_overflow_cross_hatched, led_sif_book,
          kiku_gazebo_garden_becter
D:6:      layout_rooms, mainiacjoe_overflow_concentric_impassable,
          dreamdust_wishing_well, minmay_between
D:7:      layout_gridville, grunt_temple_overflow_lords_of_destruction,
          nemelex_spade_bored_becter, temple_green, gammafunk_ghost_arena,
          minmay_joined_circles, uniq_duvessa, uniq_prince_ribbit1
D:8:      layout_loops_corners, mainiacjoe_overflow_paths,
          minmay_lair_entry_grove, uniq_amaemon, uniq_maurice, uniq_joseph,
          uniq_psyche
Temple:   nicolae_temple_bog_church

Skill      XL: |  1  2  3  4  5  6  7  8  9 10 |
---------------+-------------------------------+-----
Short Blades   | 3 4 5 6 8 10 11 | 11.1
Dodging        | 2 3 4 5 6 7 |  7.4
Stealth        | 6 7 8 9 10 11 | 11.3
Spellcasting   | 3 |  3.6
Fighting       | 3 |  3.5
Throwing       | |  2.1

Action                     |  1- 3 |  4- 6 |  7- 9 | 10-12 || total
---------------------------+-------+-------+-------+-------++-------
  Melee: Dagger            |    41 |   114 |   346 |    85 ||   586
         Punch             |       |     2 |     7 |       ||     9
  Throw: Dart              |       |     8 |    17 |       ||    25
Ability: Lunge             |       |       |    23 |     5 ||    28
         Whirlwind         |       |       |       |     1 ||     1
    Use: Scroll            |       |     1 |     6 |       ||     7
         Potion            |       |       |     1 |       ||     1
   Stab: Sleeping          |    16 |    14 |    45 |       ||    75
         Invisible         |       |       |     5 |       ||     5
 Armour: Robe              |     5 |    21 |    62 |       ||    88
         Steam dragon scal |       |       |    12 |    12 ||    24
  Dodge: Dodged            |    14 |    52 |   250 |    30 ||   346

Table legend: (Time is in decaauts)
 A = Elapsed time spent in this place.
 B = Non-inter-level travel time spent in this place.
 C = Inter-level travel time spent in this place.
 D = Time resting spent in this place.
 E = Time spent auto-exploring this place.
 F = Levels seen in this place.
 G = Mean time per level.
                   A        B        C        D        E       F      G
               +--------+--------+--------+--------+--------+-----+--------+
         Total |   8246 |   7563 |    683 |    907 |    763 |   9 |  916.2 |
       Dungeon |   8014 |   7331 |    683 |    907 |    580 |   8 | 1001.8 |
        Temple |    231 |    231 |      0 |      0 |    183 |   1 |  231.0 |
               +--------+--------+--------+--------+--------+-----+--------+

Top non-repeatable levels by time:
     D:4: 1808 daAuts
     D:5: 1358 daAuts
     D:6: 1209 daAuts
     D:3: 1098 daAuts
     D:7: 959 daAuts
     D:1: 817 daAuts
     D:2: 630 daAuts
  Temple: 231 daAuts
     D:8: 133 daAuts
